AoeStats
← ben1guerard

Arabia

509700849Analyzed
1v1 RM · 5d ago on Sep 27, 2026· 40m 53s· 2 players
Game mode
Random Map
Map size
Tiny (2 player)
Population
200
Speed
Normal
Resources
Standard
Victory
Conquest
Starting age
Dark Age
Ending age
Imperial Age
RankedLock teamsTeams togetherTeam positionsShared explorationLock speedFull tech treeHidden civsTurbo modeCheats
Victory
Defeat
🇧🇷 Lithuanians · Brazil
978
+16
🇨🇦 Saxons · Canada
982
-16
bastos021
6:38 Loom
9:45 Feudal Age
10:58 Double-Bit Axe
11:14 Horse Collar
20:05 Castle Age
18:32 Padded Archer Armor
19:09 Gold Mining
22:13 Forging
22:23 Bow Saw
22:58 Heavy Plow
24:12 Wheelbarrow
25:09 Town Watch
26:34 Hand Cart
27:40 Elite Skirmisher
29:20 Scale Barding Armor
29:51 Iron Casting
30:35 Leather Archer Armor
30:11 Fletching
31:24 Bloodlines
33:57 Imperial Age
32:54 Stone Mining
34:09 Cavalier
34:50 Husbandry
34:48 Bodkin Arrow
35:14 Chain Barding Armor
35:26 Ring Archer Armor
36:19 Paladin
38:52 Plate Barding Armor
38:58 Bracer
39:54 Tower Shields
ben1guerard
6:55 Loom
9:49 Feudal Age
10:37 Double-Bit Axe
14:58 Fletching
16:40 Wheelbarrow
20:33 Castle Age
20:57 Crossbowman
21:45 Thumb Ring
24:03 Bodkin Arrow
27:06 Horse Collar
27:18 Gold Mining
27:20 Pikeman
28:07 Scale Mail Armor
31:35 Chain Mail Armor
33:53 Imperial Age
32:11 Bow Saw
33:07 Forging
32:59 Padded Archer Armor
33:25 Arson
33:26 Gambesons
34:03 Halberdier
34:57 Arbalester
36:03 Ballistics
37:19 Plate Mail Armor
37:30 Bracer
38:07 Shield Wall
38:19 Elite Hearth Troop
39:18 Squires
40:56 Two-Man Saw
40:48 Iron Casting
40:28 Leather Archer Armor
Connection lost

Rejoining the realm…

Still unreachable

The connection could not be restored.

Session expired

The server has moved on; the page needs a fresh start.